M1918 Browning Automatic Rifles
Construct Weapon Support Center
Selects Advanced Infantry Battlegroup
Selects Artillery Observers
M3 Armored Personnel Carrier
Selects Convert to Ranger Squad
Construct Medical Station
Selects Frontline Medical Station
Frontline Medical Station
Improved M9 Bazooka Rockets
Selects Ranger Weapon Training
M18 Hellcat Tank Destroyer
Selects M2A1 105mm Howitzer Emplacement
M18 Hellcat Tank Destroyer
Selects 155mm Rapid Artillery Barrage
155mm Rapid Artillery Barrage